 Dungeon Crawl Stone Soup version 0.27-a0-1500-g450c7e4133 (webtiles) character file.

Game seed: 16530678327931164430

40103 Spaninq the Bludgeoner (level 13, -2/150 HPs)
             Began as a Troll Berserker on July 7, 2021.
             Was a High Priest of Trog.
             Killed by divine providence
             ... invoked by a meliai
              (12 damage)
             ... on level 4 of the Lair of Beasts on July 8, 2021.
             The game lasted 01:11:05 (16000 turns).

Spaninq the Bludgeoner (Troll Berserker)           Turns: 16000, Time: 01:11:05

Health: -2/150     AC: 11    Str: 43    XL:     13   Next: 72%
Magic:  12/12      EV: 13    Int:  6    God:    Trog [*****.]
Gold:   1105       SH:  0    Dex: 10    Spells: 12/12 levels left

rFire    . . .     SeeInvis .   V - +6 morningstar (vorpal)
rCold    + . .     Faith    .   (no shield)
rNeg     . . .     Spirit   .   z - +0 acid dragon scales
rPois    .         Reflect  .   y - +1 hat
rElec    .         Harm     .   N - +0 cloak
rCorr    +         Rampage  .   (gloves unavailable)
Will     +....                  (boots unavailable)
Stlth    +.........             o - amulet of Vitality {Regen+ HP+15}
HPRegen  2.35/turn              a - ring "Lily" {rC+ Will+ Str+6 Int+3}
MPRegen  0.13/turn              h - +6 ring of strength

@: lethally poisoned (-2 -> -13), about to teleport
A: large, unfitting armour, claws 3, regeneration 1, shaggy fur 1, tough skin 1
a: Renounce Religion, Berserk, Trog's Hand, Brothers in Arms


You were on level 4 of the Lair of Beasts.
You worshipped Trog.
Trog was extremely pleased with you.
You visited 2 branches of the dungeon, and saw 17 of its levels.

You collected 1105 gold pieces.

Inventory:

Hand Weapons
 w - a +0 whip of freezing
 V - a +6 vorpal morningstar (weapon)
Missiles
 f - 5 curare-tipped darts
 m - a throwing net (quivered)
Armour
 q - a +2 robe of the Archmagi
 t - the +0 kite shield of the Marlin {rC- Regen+ Dex+3}
   (You found it on level 13 of the Dungeon)

   Dex:       It affects your dexterity (+3).
   rC:        It makes you vulnerable to cold.
   Regen:     It increases your rate of health regeneration.
 x - a +0 robe of fire resistance
 y - a +1 hat (worn)
 z - +0 acid dragon scales (worn)
 N - a +0 cloak (worn)
Jewellery
 a - the ring "Lily" (left claw) {rC+ Will+ Str+6 Int+3}
   (You acquired it on level 5 of the Dungeon)

   [ring of willpower]

   Str:       It affects your strength (+6).
   Int:       It affects your intelligence (+3).
   rC:        It protects you from cold.
   Will:      It increases your willpower.
 h - a +6 ring of strength (right claw)
 i - a ring of protection from cold
 o - the amulet of Vitality (around neck) {Regen+ HP+15}
   (You found it on level 4 of the Dungeon)

   [amulet of regeneration]

   HP:        It affects your health (+15).
   Regen:     It increases your rate of health regeneration.
 r - a ring of protection from fire
 B - an amulet of the acrobat
 H - a ring of flight
 K - the ring "Ogoxtin" {rElec rPois rF+ rC+ Dex+3}
   (You found it on level 13 of the Dungeon)

   [ring of protection from fire]

   Dex:       It affects your dexterity (+3).
   rF:        It protects you from fire.
   rC:        It protects you from cold.
   rElec:     It insulates you from electricity.
   rPois:     It protects you from poison.
 M - a ring of protection from cold
 O - an amulet of magic regeneration
Wands
 e - a wand of digging (5)
 v - a wand of charming (17)
 C - a wand of flame (36)
 D - a wand of iceblast (19)
 F - a wand of paralysis (12)
 L - a wand of acid (8)
Scrolls
 c - 6 scrolls of teleportation
 d - 3 scrolls of identify
 l - 4 scrolls of enchant weapon
 s - 5 scrolls of magic mapping
 P - 3 scrolls of holy word
Potions
 b - 5 potions of attraction
 g - 3 potions of lignification
 j - 2 potions of flight
 k - 4 potions of haste
 p - 2 potions of might
 u - 2 potions of mutation
 A - a potion of invisibility
 E - 3 potions of magic
 G - a potion of ambrosia
 I - a potion of heal wounds
 J - 6 potions of curing
 Q - a potion of resistance
 R - a potion of berserk rage
Miscellaneous
 S - a phantom mirror (inert)
 T - a piece from Xom's chessboard (15/15)
 U - a phantom mirror (inert)


   Skills:
 + Level 10.3 Fighting
 * Level 16.4 Maces & Flails
 + Level 4.0 Armour
 - Level 12.4 Dodging
 + Level 4.0 Shields


You had 12 spell levels left.
You didn't know any spells.
Your spell library was empty.

Dungeon Overview and Level Annotations

Branches:
Dungeon (13/15)            Temple (0/1) D:7            Lair (4/6) D:8
 Shoals (0/4) Lair:3        Snake (0/4) Lair:4          Orc (0/2) D:12
 Vaults: D:13-14

Altars:
Ashenzari
Cheibriados
Dithmenos
Fedhas
Nemelex Xobeh
Qazlal
The Shining One
Jiyva

Shops:
D:11 =

Annotations:
D:9 3 runed translucent doors, quinnr's ghost, novice TeAE


Innate Abilities, Weirdness & Mutations

You are too large for most types of armour.
You have claws for hands.
Your natural rate of healing is unusually fast.
You are covered in fur. (AC +1)
You have tough skin. (AC +1)


Message History

Your meliai closely misses the meliai.
The killer bee closely misses you.
The killer bee stings you but does no damage.
Your meliai closely misses the meliai.
Your meliai misses the meliai.
The meliai calls down the wrath of its god upon you.
Something smites you!
* * * LOW HITPOINT WARNING * * *
The killer bee barely misses you.
You feel much better.
You feel very sick.
The killer bee stings you but does no damage.
The meliai hits you with a +0 hand axe.
* * * LOW HITPOINT WARNING * * *
The meliai closely misses your meliai. The meliai stings you!
* * * LOW HITPOINT WARNING * * *
You are more poisoned.
The meliai poisons you! The killer bee stings you.
* * * LOW HITPOINT WARNING * * *
Your meliai barely misses the meliai.
Your meliai stings the meliai.
The killer bee barely misses you. The killer bee closely misses you.
Your meliai closely misses the meliai.
Your meliai misses the meliai. The killer bee completely misses you.
The meliai barely misses you.
The meliai hits your meliai with a +0 hand axe.
The meliai closely misses you. The killer bee completely misses you.
As you read the scroll of teleportation, it crumbles to dust.
You feel strangely unstable.
You feel very sick. The killer bee stings you.
* * * LOW HITPOINT WARNING * * *
The killer bee stings you but does no damage.
The killer bee stings you!
* * * LOW HITPOINT WARNING * * *
You are lethally poisoned!
The killer bee poisons you! The meliai hits you with a +0 hand axe.
* * * LOW HITPOINT WARNING * * *
The meliai barely misses your meliai. The meliai closely misses you.
Your meliai barely misses the meliai.
Your meliai closely misses the meliai.
A killer bee comes into view.
The meliai mumbles some strange prayers to its god against you.
Something smites you!
You die...

#..yS.#
#..#y.# ##
..yF#
##.##...y#
##.. ##.#..
#.....###..
#..#..# #..


#yyyS.# #... #@yy.# #y.yy#y#.y.y. #...yy ## ... #..[.. . #..... ##.... ##.## ##
You could see a black mamba, 2 meliai, 10 killer bees and a friendly meliai
(summoned, drained).

Vanquished Creatures
  A vault guard (D:13)
  A hydra (Lair:1)
  2 boulder beetles
  A centaur warrior (D:13)
  4 two-headed ogres
  Sonja (D:12)
  Nergalle (D:12)
  Pikel (D:7)
  An ugly thing (D:12)
  A cyclops (D:12)
  2 manticores
  Maurice (D:11)
  6 cane toads
  6 black mambas
  An unseen horror (D:7)
  Maggie (D:8)
  2 rime drakes
  A gargoyle (D:11)
  5 komodo dragons
  A tengu conjurer (D:13)
  4 hornets
  A wind drake (Lair:3)
  A polar bear (Lair:2)
  10 blink frogs
  7 dream sheep (Lair:2)
  5 trolls
  A slime creature (D:11)
  14 yaks
  A vampire (D:10)
  2 humans
  2 basilisks
  2 wyverns
  Grum (D:8)
  A wraith (D:10)
  4 hogs (D:10)
  2 steam dragons
  9 vampire mosquitoes
  A naga (Lair:4)
  3 swamp worms (D:10)
  3 acid dragons
  11 water moccasins
  5 orc warriors
  2 ice beasts (D:8)
  A sky beast (D:7)
  3 black bears
  2 necrophages
  A hornet zombie (D:8)
  2 ogres (D:5)
  8 wolves
  17 centaurs
  2 phantoms
  5 kobold brigands
  9 bullfrogs
  2 wyvern zombies (D:7)
  4 scorpions
  A wyvern skeleton (D:7)
  A water moccasin skeleton (D:6)
  8 killer bees
  A wight (D:7)
  A vampire bat (D:4)
  3 howler monkeys (D:9)
  4 centaur zombies
  6 jellies
  4 hounds
  7 orc priests
  A centaur skeleton (D:7)
  A bullfrog skeleton (D:6)
  10 orc wizards
  3 iguanas
  A killer bee zombie (D:7)
  4 howler monkey zombies
  12 adders
  3 gnolls (D:5)
  2 shadow imps
  A white imp (D:5)
  2 ufetubi (D:5)
  The ghost of DocClef the Covert, a weakling GnDe (D:5)
  5 dart slugs
  3 fire bats (D:4)
  28 orcs
  2 spectral bats (D:4)
  2 ball pythons
  3 bat skeletons (D:4)
  A bat zombie (D:4)
  6 endoplasms
  2 giant cockroaches
  5 goblins
  9 hobgoblins
  6 jackals
  2 quokkas
  10 bats
  A bat simulacrum (D:4)
  3 frilled lizards
  A jackal skeleton (D:4)
  26 kobolds
  2 rats (D:1)
  2 butterflies (Lair:4)
384 creatures vanquished.

Vanquished Creatures (collateral kills)
  Rupert (D:12)
  Gastronok (D:8)
  A vault guard (D:13)
  3 hydras
  2 boulder beetles
  A wizard (D:13)
  A yaktaur (D:13)
  An acid dragon (D:12)
  2 water moccasins (Lair:2)
  A black bear (D:8)
  3 centaurs (D:12)
  A white imp (D:8)
18 creatures vanquished.

Vanquished Creatures (others)
  A wizard (D:13)
  An orc wizard (D:4)
  A bush (Lair:3)
  27 fungi
  44 plants
74 creatures vanquished.

Grand Total: 476 creatures vanquished

Notes
Turn   | Place    | Note
-------+----------+-------------------------------------------
     0 | D:1      | Spaninq the Troll Berserker began the quest for the Orb.
     0 | D:1      | Reached XP level 1. HP: 22/22 MP: 0/0
   287 | D:1      | Reached skill level 3 in Maces & Flails
   287 | D:1      | Reached XP level 2. HP: 29/29 MP: 1/1
   813 | D:1      | Reached XP level 3. HP: 34/36 MP: 2/2
   825 | D:1      | Found a faded altar of an unknown god.
  1620 | D:3      | Found a stormy altar of Qazlal.
  1683 | D:3      | Reached ** piety under Trog
  1837 | D:3      | Noticed a kobold brigand
  1858 | D:3      | Killed a kobold brigand
  1859 | D:3      | Reached skill level 4 in Maces & Flails
  1859 | D:3      | Reached XP level 4. HP: 44/45 MP: 3/3
  2058 | D:4      | Reached XP level 5. HP: 46/53 MP: 4/4
  2447 | D:4      | Reached XP level 6. HP: 61/61 MP: 5/5
  2543 | D:4      | Reached skill level 5 in Maces & Flails
  2611 | D:4      | Found the amulet of Vitality {Regen+ HP+15}
  2751 | D:4      | Reached *** piety under Trog
  3181 | D:5      | Entered Level 5 of the Dungeon
  3211 | D:5      | Identified 3 scrolls of acquirement
  3211 | D:5      | Acquired a manual of Maces & Flails
  3213 | D:5      | Acquired the ring "Lily" {rC+ Will+ Str+6 Int+3}
  3217 | D:5      | Acquired a manual of Dodging
  3265 | D:5      | Reached XP level 7. HP: 68/68 MP: 6/6
  3299 | D:5      | Found a transporter.
  3305 | D:5      | Noticed DocClef's ghost (weakling GnDe)
  3313 | D:5      | Found a transporter.
  3387 | D:5      | Reached skill level 6 in Maces & Flails
  3405 | D:5      | Identified the +1 leather armour of Liubloist {rElec}
  3516 | D:5      | Found a glowing golden altar of the Shining One.
  3770 | D:5      | Noticed a troll
  3777 | D:5      | Killed a troll
  3778 | D:5      | Reached skill level 7 in Maces & Flails
  3778 | D:5      | Reached skill level 5 in Dodging
  4078 | D:5      | Reached XP level 8. HP: 79/79 MP: 7/7
  4121 | D:5      | Reached skill level 8 in Maces & Flails
  4425 | D:6      | Reached skill level 5 in Fighting
  4507 | D:6      | Reached **** piety under Trog
  4540 | D:6      | Reached skill level 9 in Maces & Flails
  4804 | D:6      | Reached skill level 10 in Maces & Flails
  4806 | D:6      | Reached XP level 9. HP: 88/88 MP: 8/8
  4938 | D:7      | Noticed a troll
  4940 | D:7      | Noticed Pikel
  4985 | D:7      | Killed an unseen horror
  4989 | D:7      | Killed Pikel
  4990 | D:7      | Reached skill level 11 in Maces & Flails
  5052 | D:7      | Found a snail-covered altar of Cheibriados.
  5209 | D:7      | Killed a troll
  5210 | D:7      | Reached skill level 12 in Maces & Flails
  5317 | D:7      | Reached XP level 10. HP: 96/100 MP: 9/9
  5563 | D:7      | Found a staircase to the Ecumenical Temple.
  5592 | D:7      | Found a shadowy altar of Dithmenos.
  5964 | D:8      | Noticed Gastronok
  5976 | D:8      | Killed Gastronok
  5997 | D:8      | Noticed a two-headed ogre
  6009 | D:8      | Killed a two-headed ogre
  6010 | D:8      | Reached skill level 13 in Maces & Flails
  6374 | D:8      | Noticed Grum
  6391 | D:8      | Killed Grum
  6434 | D:8      | Noticed Maggie
  6446 | D:8      | Killed Maggie
  6484 | D:8      | Found a staircase to the Lair.
  6610 | D:8      | Found a sparkling altar of Nemelex Xobeh.
  6674 | D:8      | Found a broken altar of Ashenzari.
  6674 | D:8      | Found a blossoming altar of Fedhas.
  6720 | D:8      | Reached skill level 10 in Dodging
  6737 | D:8      | Reached XP level 11. HP: 109/109 MP: 10/10
  6835 | D:9      | Found a runed translucent gate.
  6835 | D:9      | Found a runed translucent gate.
  6835 | D:9      | Found a runed translucent gate.
  6836 | D:9      | Noticed a ten-headed hydra
  6837 | D:9      | Noticed quinnr's ghost (novice TeAE)
  6877 | D:9      | Reached ***** piety under Trog
  6932 | D:9      | Noticed a two-headed ogre
  6944 | D:9      | Killed a two-headed ogre
  8035 | D:5      | Killed DocClef's ghost
  8196 | D:10     | Entered Level 10 of the Dungeon
  8539 | D:10     | You fall into a shaft and drop 2 floors!
  8539 | D:12     | Noticed a two-headed ogre
  8539 | D:12     | Noticed a two-headed ogre
  8559 | D:12     | Killed a two-headed ogre
  8567 | D:12     | Killed a two-headed ogre
  8568 | D:12     | Reached skill level 14 in Maces & Flails
  8600 | D:12     | Noticed Sonja
  8651 | D:12     | Killed Sonja
  8717 | D:11     | Found Mesocked's Jewellery Boutique.
  8717 | D:11     | Noticed Maurice
  8736 | D:11     | Killed Maurice
  8781 | D:12     | Noticed Rupert
  8803 | D:12     | Killed Rupert
  8828 | D:12     | Found a staircase to the Orcish Mines.
  8891 | D:12     | Noticed Nergalle
  8906 | D:12     | Killed Nergalle
  8951 | D:12     | Noticed a green ugly thing
  8986 | D:12     | Killed a green ugly thing
  9029 | D:12     | Noticed a boulder beetle
  9199 | D:12     | Killed a boulder beetle
  9200 | D:12     | Reached XP level 12. HP: 74/122 MP: 11/11
  9248 | D:12     | Noticed a boulder beetle
  9333 | D:12     | Killed a boulder beetle
  9475 | D:12     | You fall into a shaft and drop 1 floor!
  9476 | D:13     | Noticed a boulder beetle
  9487 | D:13     | Noticed a vault guard
  9497 | D:13     | Killed a vault guard
  9502 | D:13     | Noticed a vault guard
  9507 | D:13     | Killed a vault guard
  9558 | D:13     | Noticed a centaur warrior
  9582 | D:13     | Killed a centaur warrior
  9583 | D:13     | Reached skill level 15 in Maces & Flails
  9660 | D:13     | Identified the +0 kite shield of the Marlin {rC- Regen+
                  | Dex+3}
  9740 | D:13     | Identified the ring "Ogoxtin" {rElec rPois rF+ rC+ Dex+3}
 10931 | D:11     | Identified the +0 trident of the Jolly Tables {vorpal, Fly
                  | rCorr Str-2 Stlth+}
 11040 | D:11     | Found a viscous altar of Jiyva.
 11171 | D:11     | Noticed a boulder beetle
 11178 | D:11     | Killed a boulder beetle
 11179 | D:11     | Reached skill level 1 in Armour
 11179 | D:11     | Reached skill level 1 in Shields
 11743 | D:11     | Noticed a boulder beetle
 11761 | D:11     | Killed a boulder beetle
 12009 | Lair:1   | Entered Level 1 of the Lair of Beasts
 12418 | Lair:1   | Noticed a six-headed hydra
 12427 | Lair:1   | Killed a six-headed hydra
 12916 | Lair:2   | Noticed a five-headed hydra
 12922 | Lair:1   | Killed a five-headed hydra
 12961 | Lair:1   | Reached XP level 13. HP: 77/132 MP: 12/12
 13316 | Lair:2   | Identified the +3 rapier "Kosmyoma" {vorpal, rElec Dex+3
                  | SInv}
 13738 | Lair:2   | Reached skill level 10 in Fighting
 13843 | Lair:2   | Reached skill level 16 in Maces & Flails
 14893 | Lair:3   | Found a staircase to the Shoals.
 15264 | Lair:3   | Paralysed by a hornet for 1 turns
 15296 | Lair:3   | Paralysed by a hornet for 2 turns
 15945 | Lair:4   | Received a gift from Trog
 15950 | Lair:4   | Found a staircase to the Snake Pit.
 16000 | Lair:4   | Killed from afar by a meliai

Illustrated notes

Levels and vault maps discovered:
D:1:      minmay_arrival_diagonal_passages, layout_basic,
          hellmonk_ecumenical_altar_inner_sanctum
D:2:      layout_loops_cross, corexii_item_surrounded_by_moat
D:3:      layout_rooms, grunt_qazlal_clouds
D:4:      layout_loops_ring, kennysheep_cross_bottleneck, goddamned_bats
D:5:      layout_basic, lemuel_doored_altar, gammafunk_ghost_smash
D:6:      layout_rooms
D:7:      layout_basic, nicolae_dithmenos_through_a_glass_darkly, temple_pool_b,
          minmay_ruined_shrine, uniq_pikel
D:8:      layout_rooms, mainiacjoe_overflow_alcove_4,
          amethyst_overflow_temple_binary, lair_entry_dummy,
          hangedman_decor_lopped, st_stairs_11, uniq_gastronok, uniq_maggie,
          uniq_grum
D:9:      layout_grid_maze, gammafunk_ghost_hydra_chop
D:10:     layout_roguey, minmay_door_square, minmay_misc_feat_enclosed,
          grunt_livestock, worms_lemuel
D:11:     layout_basic, serial_shops, nicolae_take_the_stairs, jiyva_altar_1,
          uniq_maurice
D:12:     layout_rooms, orc_david_3, uniq_rupert, uniq_sonja, uniq_nergalle
D:13:     layout_roguey, grunt_vaults_entry_fortified, kennysheep_doodads,
          chequers_serial_rivers_large_a, ashenzari_altar_1
Lair:1:   layout_cave_pods, grunt_megastairs_2
Lair:2:   layout_regular_city, beast_lair_carwin_9, lemuel_fruit_tree
Lair:3:   minmay_lair_venomous_thicket, layout_regular_city,
          minmay_shoals_entry_beasts, cheibrodos_lair_reptile_den
Lair:4:   regret_index_combs_of_tragedy, layout_misc_corridors,
          guppyfry_snake_entry_garden, lemuel_fruit_fields

Skill      XL: |  1  2  3  4  5  6  7  8  9 10 11 12 13 |
---------------+----------------------------------------+-----
Maces & Flails | 3 4 5 7 10 12 13 14 15 16 | 16.4
Fighting       | 3 4 5 6 7 8 9 10 | 10.3
Dodging        | 3 4 5 6 8 10 11 12 | 12.4
Armour         | 2 4 |  4.0
Shields        | 1 4 |  4.0

Action                   |  1- 3 |  4- 6 |  7- 9 | 10-12 | 13-15 || total
-------------------------+-------+-------+-------+-------+-------++-------
Melee: Mace              |   122 |    18 |       |       |       ||   140
       Whip              |       |   165 |   444 |  1189 |   708 ||  2506
       Morningstar       |       |       |       |       |     6 ||     6
Invok: Berserk           |       |       |     4 |    19 |     1 ||    24
       Brothers in Arms  |       |       |       |    12 |     2 ||    14
       Trog's Hand       |       |       |       |     1 |       ||     1
Evoke: Wand              |       |       |       |     2 |       ||     2
       Phantom mirror    |       |       |       |       |     1 ||     1
  Use: Scroll            |       |    10 |     6 |    11 |     6 ||    33
       Potion            |       |       |       |     6 |     1 ||     7
 Stab: Sleeping          |     1 |     3 |       |       |       ||     4
       Paralysed         |       |       |       |     4 |       ||     4
       Distracted        |       |       |       |     2 |       ||     2
Armor: Animal skin       |    38 |    98 |       |       |       ||   136
       Robe              |       |     7 |   109 |    38 |       ||   154
       Acid dragon scale |       |       |       |   258 |   143 ||   401
Dodge: Dodged            |    90 |   106 |   175 |   536 |   328 ||  1235

Table legend: (Time is in decaauts)
 A = Elapsed time spent in this place.
 B = Non-inter-level travel time spent in this place.
 C = Inter-level travel time spent in this place.
 D = Time resting spent in this place.
 E = Time spent auto-exploring this place.
 F = Levels seen in this place.
 G = Mean time per level.
                   A        B        C        D        E       F      G
               +--------+--------+--------+--------+--------+-----+--------+
         Total |  15177 |  14296 |    881 |    642 |   9352 |  17 |  892.8 |
       Dungeon |  11540 |  10828 |    712 |    476 |   7207 |  13 |  887.7 |
          Lair |   3637 |   3468 |    169 |    165 |   2145 |   4 |  909.2 |
               +--------+--------+--------+--------+--------+-----+--------+

Top non-repeatable levels by time:
  Lair:3: 1395 daAuts
     D:5: 1271 daAuts
     D:4: 1172 daAuts
    D:10: 1147 daAuts
     D:9: 1138 daAuts
    D:11: 1126 daAuts
  Lair:1: 1048 daAuts
    D:12: 1042 daAuts
  Lair:2: 1039 daAuts
     D:7: 914 daAuts
     D:1: 906 daAuts
     D:8: 753 daAuts
     D:6: 646 daAuts
     D:2: 638 daAuts
     D:3: 492 daAuts
